[ AOE2 MATCH · #474383121 ]
UnrankedMongols vs Mongols
Player's team · WIN
Rival team · LOSS
[ REPLAY ANALYSIS · EXTRACTED FROM THE RECORDED GAME ]
Feudal
8:50
Castle
23:33
Imperial
—
| APM avg | 54.7 |
| APM peak | 90 |
| eAPM avg | 20.9 |
| Villagers / military | 98 / 75 |
Focus
⚔️ 34.9% · 🌾 65.1%
Steppe Lancer ×27 · Knight ×15 · Skirmisher ×15 · Scout Cavalry ×11 · Archer ×4 · Camel Scout ×3
Feudal
10:40
Castle
24:45
Imperial
—
| APM avg | 53.1 |
| APM peak | 86 |
| eAPM avg | 26.8 |
| Villagers / military | 78 / 60 |
Focus
⚔️ 30.4% · 🌾 69.6%
Archer ×41 · Skirmisher ×13 · Spearman ×6
Match map
Initial resources + every placement click. Lines = walls · curves = elevation contours. ◆ gold · ⬟ stone · ● berries · ✦ relic · ◌ wall gap
Your base· Open — 11t gap
TE VOY A IR TORRES's base· Open — unwalled flank
Smoothed initial terrain · ◌ = detected wall gap · hover for details
Inputs per minute
— Fs.zanatta - - TE VOY A IR TORRES
Build order — Fs.zanatta
First 150 of 284 actions detected
| 0:00 | Create | Villager (Male) |
| 0:00 | Create | Villager (Male) |
| 0:01 | Create | Villager (Male) |
| 0:01 | Create | Villager (Male) |
| 0:02 | Build | House |
| 0:03 | Build | House |
| 1:23 | Create | Villager (Male) |
| 1:52 | Build | Lumber Camp |
| 1:57 | Create | Villager (Male) |
| 2:17 | Create | Villager (Male) |
| 2:17 | Create | Villager (Male) |
| 2:43 | Create | Villager (Male) |
| 3:05 | Create | Villager (Male) |
| 3:05 | Create | Villager (Male) |
| 3:38 | Create | Villager (Male) |
| 4:00 | Create | Villager (Male) |
| 4:00 | Create | Villager (Male) |
| 4:08 | Build | House |
| 4:39 | Build | Mill |
| 4:48 | Create | Villager (Male) |
| 4:48 | Create | Villager (Male) |
| 4:58 | Create | Villager (Male) |
| 4:58 | Create | Villager (Male) |
| 4:58 | Create | Villager (Male) |
| 5:47 | Research | Loom |
| 6:32 | Research | Feudal Age |
| 7:08 | Build | Barracks |
| 7:56 | Create | Villager (Male) |
| 8:01 | Build | House |
| 8:36 | Create | Villager (Male) |
| 8:46 | Build | Farm |
| 8:50 | Age | Feudal Age |
| 8:54 | Build | Stable |
| 9:01 | Create | Villager (Male) |
| 9:11 | Research | Double-Bit Axe |
| 9:15 | Build | Farm |
| 9:19 | Build | Farm |
| 9:29 | Build | House |
| 9:46 | Create | Villager (Male) |
| 9:48 | Build | Farm |
| 9:49 | Create | Scout Cavalry |
| 9:49 | Create | Scout Cavalry |
| 9:55 | Build | Farm |
| 9:58 | Build | House |
| 10:03 | Create | Villager (Male) |
| 10:16 | Create | Scout Cavalry |
| 10:16 | Create | Scout Cavalry |
| 10:29 | Build | House |
| 10:33 | Build | Farm |
| 10:48 | Create | Villager (Male) |
| 10:49 | Build | Farm |
| 11:04 | Create | Scout Cavalry |
| 11:05 | Create | Scout Cavalry |
| 11:06 | Build | House |
| 11:24 | Create | Villager (Male) |
| 11:25 | Create | Villager (Male) |
| 11:29 | Build | Archery Range |
| 11:49 | Build | House |
| 11:49 | Build | Palisade Wall |
| 11:51 | Create | Villager (Male) |
| 11:55 | Build | Farm |
| 12:08 | Create | Scout Cavalry |
| 12:11 | Create | Villager (Male) |
| 12:22 | Build | Farm |
| 12:39 | Create | Skirmisher |
| 12:39 | Create | Skirmisher |
| 12:44 | Build | Palisade Wall |
| 12:48 | Create | Villager (Male) |
| 12:48 | Create | Villager (Male) |
| 13:01 | Create | Skirmisher |
| 13:11 | Research | Horse Collar |
| 13:17 | Create | Skirmisher |
| 13:22 | Build | House |
| 13:27 | Create | Skirmisher |
| 13:47 | Create | Villager (Male) |
| 13:48 | Create | Villager (Male) |
| 13:55 | Create | Skirmisher |
| 14:07 | Create | Skirmisher |
| 14:10 | Build | Blacksmith |
| 14:22 | Create | Villager (Male) |
| 14:23 | Create | Scout Cavalry |
| 14:57 | Research | Fletching |
| 15:16 | Create | Villager (Male) |
| 15:18 | Create | Skirmisher |
| 15:36 | Create | Villager (Male) |
| 15:53 | Create | Villager (Male) |
| 15:54 | Build | Farm |
| 15:54 | Build | Farm |
| 15:55 | Build | Farm |
| 15:55 | Build | Farm |
| 15:57 | Build | Mining Camp |
| 16:03 | Create | Skirmisher |
| 16:24 | Create | Archer |
| 16:25 | Create | Scout Cavalry |
| 16:34 | Build | House |
| 16:36 | Build | Lumber Camp |
| 16:43 | Create | Villager (Male) |
| 16:45 | Build | Farm |
| 16:55 | Create | Villager (Male) |
| 16:57 | Build | Farm |
| 17:15 | Create | Archer |
| 17:18 | Create | Skirmisher |
| 17:20 | Create | Scout Cavalry |
| 17:35 | Create | Skirmisher |
| 17:42 | Build | Farm |
| 17:59 | Create | Villager (Male) |
| 18:01 | Build | House |
| 18:02 | Build | House |
| 18:13 | Create | Archer |
| 18:14 | Create | Villager (Male) |
| 18:17 | Create | Skirmisher |
| 18:17 | Create | Scout Cavalry |
| 18:18 | Create | Villager (Male) |
| 18:20 | Build | Farm |
| 18:47 | Create | Villager (Male) |
| 19:26 | Create | Villager (Male) |
| 19:50 | Build | Farm |
| 19:51 | Build | Farm |
| 19:54 | Create | Villager (Male) |
| 19:55 | Build | Market |
| 20:16 | Create | Villager (Male) |
| 20:16 | Build | Farm |
| 20:31 | Create | Villager (Male) |
| 20:39 | Build | House |
| 20:40 | Build | Palisade Wall |
| 20:53 | Research | Castle Age |
| 20:58 | Create | Villager (Male) |
| 21:10 | Build | Palisade Wall |
| 21:33 | Build | Farm |
| 21:41 | Research | Bloodlines |
| 21:43 | Research | Scale Barding Armor |
| 21:43 | Build | Farm |
| 21:49 | Build | House |
| 21:52 | Build | Palisade Wall |
| 22:18 | Build | Farm |
| 22:20 | Create | Skirmisher |
| 22:32 | Build | Farm |
| 22:40 | Build | Farm |
| 22:48 | Build | Farm |
| 23:07 | Research | Forging |
| 23:22 | Build | House |
| 23:25 | Build | Palisade Wall |
| 23:33 | Age | Castle Age |
| 23:37 | Create | Steppe Lancer |
| 23:38 | Create | Steppe Lancer |
| 23:44 | Create | Villager (Male) |
| 23:51 | Build | Stable |
| 23:56 | Create | Steppe Lancer |
| 23:56 | Create | Steppe Lancer |
| 23:58 | Create | Villager (Male) |
Build order — TE VOY A IR TORRES
First 150 of 228 actions detected
| 0:00 | Create | Villager (Male) |
| 0:01 | Create | Villager (Male) |
| 0:02 | Build | House |
| 0:04 | Build | House |
| 0:41 | Create | Villager (Male) |
| 0:41 | Create | Villager (Male) |
| 0:42 | Create | Villager (Male) |
| 1:26 | Create | Villager (Male) |
| 1:52 | Build | Lumber Camp |
| 1:58 | Create | Villager (Male) |
| 2:22 | Create | Villager (Male) |
| 2:22 | Create | Villager (Male) |
| 3:04 | Create | Villager (Male) |
| 3:04 | Create | Villager (Male) |
| 3:05 | Create | Villager (Male) |
| 3:10 | Create | Villager (Male) |
| 3:36 | Build | Mill |
| 3:55 | Create | Villager (Male) |
| 4:03 | Create | Villager (Male) |
| 4:15 | Build | House |
| 4:16 | Build | House |
| 4:41 | Research | Loom |
| 4:47 | Build | House |
| 5:17 | Create | Villager (Male) |
| 5:17 | Create | Villager (Male) |
| 5:18 | Create | Villager (Male) |
| 5:30 | Create | Villager (Male) |
| 5:47 | Create | Villager (Male) |
| 6:31 | Create | Villager (Male) |
| 6:32 | Create | Villager (Male) |
| 6:37 | Create | Villager (Male) |
| 7:51 | Create | Villager (Male) |
| 8:14 | Build | Barracks |
| 8:30 | Research | Feudal Age |
| 8:31 | Research | Feudal Age |
| 9:14 | Build | House |
| 9:27 | Create | Villager (Male) |
| 9:50 | Build | Mining Camp |
| 9:54 | Create | Villager (Male) |
| 10:40 | Age | Feudal Age |
| 10:43 | Build | Archery Range |
| 10:44 | Build | Archery Range |
| 10:48 | Create | Villager (Male) |
| 10:51 | Create | Spearman |
| 10:51 | Create | Spearman |
| 11:11 | Build | Palisade Wall |
| 11:29 | Create | Villager (Male) |
| 11:32 | Research | Double-Bit Axe |
| 11:41 | Create | Villager (Male) |
| 11:44 | Build | House |
| 11:45 | Create | Archer |
| 11:51 | Create | Archer |
| 11:53 | Create | Villager (Male) |
| 12:12 | Build | Palisade Wall |
| 12:14 | Build | Palisade Wall |
| 12:16 | Build | Palisade Wall |
| 12:17 | Build | Palisade Wall |
| 12:21 | Build | Palisade Wall |
| 12:23 | Build | Palisade Wall |
| 12:44 | Create | Villager (Male) |
| 12:44 | Create | Archer |
| 12:45 | Create | Archer |
| 13:05 | Create | Villager (Male) |
| 13:07 | Build | Farm |
| 13:07 | Build | Farm |
| 13:07 | Build | Farm |
| 13:22 | Create | Archer |
| 13:26 | Create | Skirmisher |
| 13:39 | Build | Palisade Wall |
| 13:41 | Build | Palisade Wall |
| 13:43 | Build | Palisade Wall |
| 13:45 | Build | Palisade Wall |
| 13:51 | Build | House |
| 13:52 | Build | House |
| 14:02 | Create | Skirmisher |
| 14:11 | Create | Villager (Male) |
| 14:20 | Create | Skirmisher |
| 14:35 | Build | Palisade Wall |
| 14:54 | Create | Spearman |
| 14:58 | Create | Villager (Male) |
| 14:58 | Create | Villager (Male) |
| 15:01 | Create | Skirmisher |
| 15:02 | Create | Skirmisher |
| 15:17 | Build | Farm |
| 15:18 | Create | Villager (Male) |
| 15:18 | Create | Villager (Male) |
| 15:22 | Build | House |
| 15:24 | Build | Palisade Wall |
| 15:26 | Build | House |
| 15:28 | Build | House |
| 15:30 | Build | House |
| 15:32 | Build | Palisade Wall |
| 15:35 | Create | Spearman |
| 15:35 | Create | Spearman |
| 15:42 | Create | Archer |
| 15:42 | Create | Archer |
| 15:43 | Create | Archer |
| 16:12 | Create | Villager (Male) |
| 16:12 | Create | Villager (Male) |
| 16:32 | Create | Spearman |
| 16:40 | Build | Farm |
| 16:43 | Create | Archer |
| 16:44 | Create | Archer |
| 16:53 | Build | Farm |
| 17:18 | Create | Skirmisher |
| 17:18 | Create | Skirmisher |
| 17:19 | Create | Villager (Male) |
| 17:20 | Create | Villager (Male) |
| 17:39 | Build | Market |
| 17:58 | Create | Skirmisher |
| 17:58 | Create | Skirmisher |
| 17:59 | Create | Villager (Male) |
| 17:59 | Create | Villager (Male) |
| 18:26 | Build | Watch Tower |
| 18:40 | Create | Villager (Male) |
| 18:40 | Create | Villager (Male) |
| 18:44 | Build | Farm |
| 18:45 | Build | Farm |
| 19:07 | Build | Palisade Wall |
| 19:09 | Build | Palisade Wall |
| 19:18 | Create | Villager (Male) |
| 19:21 | Build | Farm |
| 19:56 | Create | Villager (Male) |
| 19:56 | Create | Villager (Male) |
| 20:25 | Create | Skirmisher |
| 20:26 | Create | Skirmisher |
| 20:43 | Create | Villager (Male) |
| 20:43 | Create | Villager (Male) |
| 20:56 | Build | Farm |
| 21:40 | Create | Villager (Male) |
| 21:40 | Create | Villager (Male) |
| 21:44 | Build | Lumber Camp |
| 21:51 | Research | Castle Age |
| 21:58 | Create | Archer |
| 21:59 | Create | Archer |
| 22:52 | Build | Blacksmith |
| 22:54 | Build | House |
| 22:55 | Build | House |
| 22:59 | Build | Farm |
| 23:05 | Create | Archer |
| 23:07 | Create | Archer |
| 23:49 | Create | Skirmisher |
| 23:49 | Create | Skirmisher |
| 23:52 | Research | Fletching |
| 23:52 | Research | Padded Archer Armor |
| 24:29 | Create | Villager (Male) |
| 24:29 | Create | Villager (Male) |
| 24:44 | Create | Archer |
| 24:44 | Create | Archer |
| 24:45 | Create | Archer |
Match timeline
| 7:08 | Fs.zanatta · first_building Barracks |
| 8:14 | TE VOY A IR TORRES · first_building Barracks |
| 8:50 | Fs.zanatta · age_up feudal |
| 8:54 | Fs.zanatta · first_building Stable |
| 10:40 | TE VOY A IR TORRES · age_up feudal |
| 10:43 | TE VOY A IR TORRES · first_building Archery Range |
| 11:11 | TE VOY A IR TORRES · wall_segment Palisade Wall x1 |
| 11:29 | Fs.zanatta · first_building Archery Range |
| 11:49 | Fs.zanatta · wall_segment Palisade Wall x5 |
| 12:12 | TE VOY A IR TORRES · wall_segment Palisade Wall x1 |
| 12:14 | TE VOY A IR TORRES · wall_segment Palisade Wall x1 |
| 12:16 | TE VOY A IR TORRES · wall_segment Palisade Wall x1 |
| 12:17 | TE VOY A IR TORRES · wall_segment Palisade Wall x1 |
| 12:21 | TE VOY A IR TORRES · wall_segment Palisade Wall x2 |
| 12:23 | TE VOY A IR TORRES · wall_segment Palisade Wall x1 |
| 12:44 | Fs.zanatta · wall_segment Palisade Wall x5 |
| 13:39 | TE VOY A IR TORRES · wall_segment Palisade Wall x1 |
| 13:41 | TE VOY A IR TORRES · wall_segment Palisade Wall x1 |
| 13:43 | TE VOY A IR TORRES · wall_segment Palisade Wall x1 |
| 13:45 | TE VOY A IR TORRES · wall_segment Palisade Wall x1 |
| 14:35 | TE VOY A IR TORRES · wall_segment Palisade Wall x1 |
| 15:24 | TE VOY A IR TORRES · wall_segment Palisade Wall x2 |
| 15:32 | TE VOY A IR TORRES · wall_segment Palisade Wall x1 |
| 18:42 | TE VOY A IR TORRES · first_market_buy 100 wood |
| 19:07 | TE VOY A IR TORRES · wall_segment Palisade Wall x1 |
| 19:09 | TE VOY A IR TORRES · wall_segment Palisade Wall x1 |
| 20:40 | Fs.zanatta · wall_segment Palisade Wall x8 |
| 20:44 | Fs.zanatta · first_market_sell 500 wood |
| 20:45 | Fs.zanatta · first_market_buy 100 food |
| 21:10 | Fs.zanatta · wall_segment Palisade Wall x1 |
| 21:52 | Fs.zanatta · wall_segment Palisade Wall x1 |
| 23:25 | Fs.zanatta · wall_segment Palisade Wall x8 |
| 23:33 | Fs.zanatta · age_up castle |
| 24:45 | TE VOY A IR TORRES · age_up castle |
| 25:31 | Fs.zanatta · wall_segment Palisade Wall x12 |
| 26:06 | TE VOY A IR TORRES · wall_segment Palisade Wall x1 |
| 26:14 | TE VOY A IR TORRES · wall_segment Palisade Wall x1 |
| 26:40 | TE VOY A IR TORRES · wall_segment Palisade Wall x1 |
| 26:49 | TE VOY A IR TORRES · wall_segment Palisade Wall x1 |
| 27:19 | TE VOY A IR TORRES · first_market_sell 100 wood |
| 27:42 | TE VOY A IR TORRES · first_building Monastery |
| 28:34 | TE VOY A IR TORRES · wall_segment Palisade Wall x1 |
| 29:28 | TE VOY A IR TORRES · wall_segment Palisade Wall x1 |
| 32:06 | TE VOY A IR TORRES · wall_segment Palisade Wall x1 |
| 32:08 | TE VOY A IR TORRES · wall_segment Palisade Wall x1 |
| 33:25 | TE VOY A IR TORRES · resign |
[ AI ANALYSIS · 1 CREDIT ]
What really happened in this match?
Wolo.gg analyzes every decision: build order, eco, micro, common mistakes by bracket. Personalized analysis on WhatsApp or Discord in 30 seconds.
Civ guide
Mongols
Perfil
Jugador #3130252